 Dungeon Crawl Stone Soup version 0.28.0 (webtiles) character file.

Game seed: 17413054676904847714

9995 HallandMoats the Warmonger (level 11, -10/95 HPs)
             Began as a Ghoul Monk on Feb 6, 2022.
             Was a High Priest of Okawaru.
             Mangled by a two-headed ogre (17 damage)
             ... on level 11 of the Dungeon.
             The game lasted 00:17:29 (13549 turns).

HallandMoats the Warmonger (Ghoul Monk)            Turns: 13549, Time: 00:17:30

Health: -10/95     AC: 21    Str: 20    XL:     11   Next: 55%
Magic:  0/18       EV:  4    Int:  8    God:    Okawaru [*****.]
Gold:   382        SH:  0    Dex: 11    Spells: 10/10 levels left

rFire   . . .      SeeInvis .     - Unarmed
rCold   + . .      Faith    .   (no shield)
rNeg    + + +      Spirit   +   k - +1 crystal plate armour
rPois   ∞          Reflect  .   r - +0 helmet "Xyuthuh" {Will+ Int+3}
rElec   .          Harm     .   (no cloak)
rCorr   .          Rampage  .   (no gloves)
Will    +....                   g - +0 pair of boots
Stlth   ..........              h - amulet of guardian spirit
HPRegen 0.00/turn               (no ring)
MPRegen 0.16/turn               (no ring)

@: inhibited regen
A: claws 1, cold resistance 1, negative energy resistance 3, inhibited
regeneration, torment resistance 2
a: Renounce Religion, Heroism, Finesse, Duel


You were on level 11 of the Dungeon.
You worshipped Okawaru.
Okawaru was extremely pleased with you.
You visited 2 branches of the dungeon, and saw 12 of its levels.

You collected 537 gold pieces.
You spent 155 gold pieces at shops.

Inventory:

Hand Weapons
 t - a +0 spear of venom
Armour
 c - a +0 ring mail
 g - a +0 pair of boots (worn)
 k - a +1 crystal plate armour (worn)
 r - the +0 helmet "Xyuthuh" (worn) {Will+ Int+3}
   (You took it off Robin on level 4 of the Dungeon)

   Int:       It affects your intelligence (+3).
   Will:      It increases your willpower.
 v - a +0 buckler
Jewellery
 h - an amulet of guardian spirit (around neck)
 q - a +6 ring of intelligence
Wands
 l - a wand of paralysis (5)
 w - a wand of iceblast (17)
 y - a wand of digging (5)
 z - a wand of flame (20)
 C - a wand of acid (3)
Scrolls
 a - 2 scrolls of enchant armour
 f - a scroll of silence
 i - a scroll of identify
 m - a scroll of amnesia
 o - 5 scrolls of magic mapping
 p - a scroll of torment
 s - 3 scrolls of teleportation
Potions
 b - 2 potions of brilliance
 d - 5 potions of flight
 j - 4 potions of haste
 n - a potion of cancellation
 u - 3 potions of resistance {unknown}
 A - 2 potions of invisibility {unknown}


   Skills:
 + Level 8.6 Fighting
 + Level 6.6 Armour
 + Level 7.3 Dodging
 - Level 2.1 Stealth
 + Level 8.7 Unarmed Combat
 * Level 11.2 Invocations


You had 10 spell levels left.
You didn't know any spells.
Your spell library contained the following spells:

 Spells                   Type           Power      Damage    Failure   Level
 Blink                    Tloc           0%         N/A       100%        2
 Corpse Rot               Necr/Air       0%         N/A       100%        2
 Poisonous Vapours        Pois/Air       0%         N/A       100%        2
 Passage of Golubria      Tloc           0%         N/A       100%        4
 Manifold Assault         Tloc           0%         N/A       100%        5
 Yara's Violent Unravell  Hex/Tmut       0%         3d3       100%        5
 Tukima's Dance           Hex            Unusable   N/A       N/A         3
 Storm Form               Tmut/Air       Unusable   N/A       N/A         7

Dungeon Overview and Level Annotations

Branches:
Dungeon (11/15)            Temple (1/1) D:5            Lair (0/6) D:10
    Orc (0/2) D:10

Altars:
Ashenzari
Cheibriados
Dithmenos
Elyvilon
Fedhas
Gozag
Hepliaklqana
Kikubaaqudgha
Makhleb
Nemelex Xobeh
Okawaru
Qazlal
Ru
Sif Muna
Trog
Uskayaw
Vehumet
Wu Jian
Xom
Yredelemnul
Zin
The Shining One
Beogh

Shops:
D:1 !   D:4 :   D:6 *=?


Innate Abilities, Weirdness & Mutations

You thrive by killing the living.
You are immune to poison.
You have sharp fingernails.
Your flesh is cold resistant. (rC+)
You are immune to negative energy. (rN+++)
You do not regenerate when monsters are visible.
You are immune to unholy pain and torment.


Message History

The two-headed ogre hits you but does no damage.
The two-headed ogre hits you with a +0 giant club!
You are too injured to fight recklessly!
You are too injured to fight recklessly!
You are too injured to fight recklessly!
You are too injured to fight recklessly!
You claw the two-headed ogre!
The two-headed ogre is moderately wounded.
The two-headed ogre hits you with a +0 giant spiked club!
The two-headed ogre hits you with a +0 giant club.
* * * LOW HITPOINT WARNING * * *
You scratch the two-headed ogre but do no damage.
The two-headed ogre is moderately wounded.
You barely miss the two-headed ogre.
The two-headed ogre is moderately wounded.
The two-headed ogre hits you with a +0 giant spiked club!!
* * * LOW HITPOINT WARNING * * *
The two-headed ogre hits you but does no damage.
You barely miss the two-headed ogre.
The two-headed ogre is moderately wounded.
The two-headed ogre hits you with a +0 giant spiked club.
* * * LOW HITPOINT WARNING * * *
The two-headed ogre barely misses you.
You see here a howler monkey corpse.
You see here a +0 mace.
You feel better.
You feel better.
The two-headed ogre hits you but does no damage.
The two-headed ogre hits you with a +0 giant club!
* * * LOW HITPOINT WARNING * * *
You feel better.
The two-headed ogre hits you with a +0 giant spiked club!
* * * LOW HITPOINT WARNING * * *
The two-headed ogre hits you with a +0 giant club!
* * * LOW HITPOINT WARNING * * *
As you read the scroll of fear, it crumbles to dust.
You assume a fearsome visage.
The two-headed ogre resists with some effort.
The two-headed ogre hits you with a +0 giant spiked club!!
You die...

##.## #.#
#†# #)#
#.# #.#
#.# #O#
#@#
#........
#######.#


You could see a two-headed ogre.

Vanquished Creatures
  A hydra (D:11)
  A two-headed ogre (D:9)
  A cyclops (D:7)
  A gargoyle (D:11)
  A troll (D:9)
  2 hornets
  Grinder (D:4)
  A vampire (D:10)
  Eustachio (D:4)
  A wraith (D:10)
  15 yaks
  2 wyverns
  2 vampire mosquitoes (D:10)
  A steam dragon (D:7)
  A water moccasin (D:9)
  4 orc warriors
  3 ice beasts
  2 ogres
  5 centaurs
  A phantom (D:3)
  2 kobold brigands
  5 bullfrogs
  A scorpion (D:5)
  A water moccasin zombie (D:6)
  2 water moccasin skeletons
  6 killer bees (D:7)
  6 wights
  6 howler monkeys
  A vampire bat (D:5)
  2 centaur zombies (D:9)
  A bullfrog zombie (D:5)
  A bullfrog skeleton (D:6)
  4 orc priests
  2 gnoll shamans
  A hound (D:3)
  5 jellies
  2 centaur skeletons
  Natasha (thrice) (D:2)
  Terence (D:2)
  5 orc wizards
  2 iguanas
  A killer bee zombie (D:7)
  A howler monkey zombie (D:8)
  Robin (D:4)
  5 adders
  A howler monkey skeleton (D:7)
  9 gnolls
  2 white imps
  An ufetubus (D:6)
  An adder skeleton (D:4)
  2 dart slugs
  3 fire bats (D:5)
  50 orcs
  2 spectral bats (D:5)
  2 ball pythons
  14 bats
  3 bat skeletons (D:5)
  A bat zombie (D:5)
  2 endoplasms
  5 giant cockroaches
  16 goblins
  4 hobgoblins
  4 jackals (D:1)
  9 kobolds
  2 quokkas
  A bat simulacrum (D:5)
  A quokka skeleton (D:4)
  4 rats
253 creatures vanquished.

Vanquished Creatures (collateral kills)
  A kobold (D:4)
1 creature vanquished.

Vanquished Creatures (others)
  An orc priest (D:8)
  An orc wizard (D:8)
  A gnoll (D:6)
  An orc (D:8)
4 creatures vanquished.

Grand Total: 258 creatures vanquished

Notes
Turn   | Place    | Note
-------+----------+-------------------------------------------
     0 | D:1      | HallandMoats the Ghoul Monk began the quest for the Orb.
     0 | D:1      | Reached XP level 1. HP: 19/19 MP: 0/0
   183 | D:1      | Reached XP level 2. HP: 19/26 MP: 1/1
   335 | D:1      | Found Esuhot's Distillery.
  1246 | D:2      | Reached skill level 1 in Armour
  1246 | D:2      | Reached XP level 3. HP: 27/31 MP: 2/2
  1295 | D:2      | Reached skill level 1 in Invocations
  1296 | D:2      | Noticed Natasha
  1305 | D:2      | Killed Natasha
  1306 | D:2      | Reached XP level 4. HP: 19/40 MP: 1/4
  1562 | D:2      | Noticed Terence
  1573 | D:2      | Killed Terence
  1574 | D:2      | Reached skill level 2 in Invocations
  1614 | D:2      | Noticed Natasha
  1625 | D:2      | Killed Natasha
  1626 | D:2      | Reached XP level 5. HP: 41/46 MP: 5/5
  1974 | D:2      | Noticed Natasha
  1985 | D:2      | Killed Natasha
  2347 | D:3      | Noticed a phantom
  2376 | D:3      | Killed a phantom
  2377 | D:3      | Reached skill level 3 in Invocations
  2377 | D:3      | Reached XP level 6. HP: 34/52 MP: 4/7
  3209 | D:4      | Found Roqunavva's Book Boutique.
  3216 | D:4      | Identified the +0 helmet "Xyuthuh" {Will+ Int+3}
  3216 | D:4      | Noticed Robin
  3243 | D:4      | Killed Robin
  3493 | D:4      | Noticed Eustachio
  3532 | D:4      | Killed Eustachio
  3533 | D:4      | Reached skill level 4 in Invocations
  3533 | D:4      | Reached XP level 7. HP: 47/60 MP: 5/9
  4028 | D:4      | Noticed Grinder
  4051 | D:4      | Killed Grinder
  4143 | D:4      | Reached skill level 5 in Unarmed Combat
  4375 | D:5      | Entered Level 5 of the Dungeon
  4402 | D:5      | Reached skill level 5 in Fighting
  4402 | D:5      | Reached skill level 5 in Invocations
  4512 | D:5      | Reached XP level 8. HP: 40/68 MP: 8/10
  4780 | D:5      | Found a staircase to the Ecumenical Temple.
  4790 | Temple   | Entered the Ecumenical Temple
  5075 | Temple   | Became a worshipper of Warmaster Okawaru
  5075 | Temple   | Reached * piety under Okawaru
  5075 | Temple   | Reached ** piety under Okawaru
  5819 | D:6      | Reached skill level 6 in Invocations
  5854 | D:6      | Found Luifyopt's Jewellery Emporium.
  6234 | D:6      | Reached *** piety under Okawaru
  6404 | D:6      | Found Rokuid's General Store.
  6412 | D:6      | Bought a scroll of fear for 35 gold pieces
  6505 | D:6      | Reached skill level 5 in Dodging
  6505 | D:6      | Reached XP level 9. HP: 9/75 MP: 2/13
  6930 | D:6      | Found Vountoid's Magic Scroll Shop.
  6938 | D:6      | Bought a scroll of identify for 30 gold pieces
  6938 | D:6      | Bought 2 scrolls of identify for 60 gold pieces
  6938 | D:6      | Bought a scroll of identify for 30 gold pieces
  6989 | D:7      | Noticed a cyclops
  7012 | D:7      | Killed a cyclops
  7013 | D:7      | Reached skill level 7 in Invocations
  7763 | D:7      | Identified the +1 chain mail "Giokk" {-Tele rC+ Slay+2}
  8234 | D:7      | Reached skill level 8 in Invocations
  8247 | D:7      | Reached **** piety under Okawaru
  9108 | D:8      | Reached XP level 10. HP: 84/84 MP: 15/15
  9165 | D:8      | Reached skill level 5 in Armour
 10036 | D:8      | Reached skill level 9 in Invocations
 10711 | D:8      | Reached ***** piety under Okawaru
 10774 | D:8      | Found a shimmering altar of Xom.
 11209 | D:9      | Identified the +0 long sword "Dragonslayer" {freeze,
                  | Fragile Fly rN+} (Okawaru gifted it to you on level 9 of
                  | the Dungeon)
 11209 | D:9      | Received a gift from Okawaru
 11499 | D:9      | Noticed a two-headed ogre
 11511 | D:9      | Killed a two-headed ogre
 11512 | D:9      | Reached skill level 10 in Invocations
 11697 | D:9      | Identified the +1 quarterstaff of Untimely Demise {protect,
                  | Int+3}
 11797 | D:9      | Reached XP level 11. HP: 94/94 MP: 17/17
 12183 | D:10     | Entered Level 10 of the Dungeon
 12183 | D:10     | Found a staircase to the Orcish Mines.
 12288 | D:10     | Found a staircase to the Lair.
 12707 | D:10     | Paralysed by something for 3 turns
 12720 | D:10     | Paralysed by something for 2 turns
 12727 | D:10     | Reached skill level 11 in Invocations
 13473 | D:11     | Noticed an eight-headed hydra
 13491 | D:11     | Killed an eight-headed hydra
 13532 | D:11     | Noticed a two-headed ogre
 13549 | D:11     | Mangled by a two-headed ogre

Illustrated notes

Levels and vault maps discovered:
D:1:      ncdulo_halloftheorcs, layout_basic, serial_shops, shop_fountains
D:2:      layout_loops_ring, uniq_terence, uniq_natasha
D:3:      layout_loops_ring, minmay_ruptured
D:4:      layout_cave_pods, serial_shops, shop, uniq_robin, uniq_grinder,
          uniq_eustachio
D:5:      layout_loops_cross, minmay_temple_entry_trees, goddamned_bats
D:6:      layout_basic, serial_shops, nicolae_diamond_shop,
          nicolae_lakefront_shop, nicolae_diamond_shop, st_stairs_13,
          serial_bayou_pond_e, chequers_serial_rivers_micro_d
D:7:      layout_loops_ring
D:8:      layout_gridville, xom_confusion_cloud, special_room [special_room_orc]
D:9:      layout_loops_ring
D:10:     layout_basic, dpeg_oklobed_lair, minmay_orc_entry_temple_small
D:11:     layout_loops_ring
Temple:   roderic_octagonal_lattice_temple

Skill      XL: |  1  2  3  4  5  6  7  8  9 10 11 |
---------------+----------------------------------+-----
Armour         | 1 2 3 4 6 |  6.6
Dodging        | 3 4 5 6 7 |  7.3
Invocations    | 1 2 3 4 5 6 8 10 11 | 11.2
Unarmed Combat | 4 5 6 7 8 |  8.7
Fighting       | 4 5 6 8 |  8.6
Stealth        | |  2.1

Action                   |  1- 3 |  4- 6 |  7- 9 | 10-12 || total
-------------------------+-------+-------+-------+-------++-------
Melee: Unarmed           |    82 |   187 |   514 |   435 ||  1218
       Punch             |     1 |     3 |    17 |    25 ||    46
Invok: Heroism           |       |       |       |     2 ||     2
       Finesse           |       |       |       |     1 ||     1
  Use: Scroll            |       |     5 |     9 |     5 ||    19
       Potion            |       |       |       |     3 ||     3
 Stab: Sleeping          |     1 |       |       |       ||     1
Armor: Ring mail         |    24 |       |       |       ||    24
       Robe              |     1 |       |       |       ||     1
       Crystal plate arm |       |   153 |   663 |   357 ||  1173
Dodge: Dodged            |    39 |     6 |    95 |   101 ||   241
